 Dungeon Crawl Stone Soup version 0.30.1-9-gdf580d7c3d (webtiles) character file.

Game seed: 8335610027868598910

49 CarvArkoylaein the Grave Robber (level 3, 17/24 HPs)
             Began as a Mummy Necromancer on Oct 11, 2023.
             Quit the game on level 2 of the Dungeon.
             The game lasted 00:12:50 (1248 turns).

CarvArkoylaein the Grave Robber (Mummy Necromancer) Turns: 1248, Time: 00:12:51

Health: 17/24      AC:  2    Str: 11    XL:     3   Next: 53%
Magic:  4/7        EV: 12    Int: 16    God:
Gold:   80         SH:  0    Dex: 12    Spells: 4/8 levels left

rFire   x . .        c - +0 short sword (vamp)
rCold   + + .        (no shield)
rNeg    + + +        a - +0 robe
rPois   ∞            (no helmet)
rElec   .            (no cloak)
rCorr   .            (no gloves)
SInv    .            (no boots)
Will    +....        (no amulet)
Stlth   ++           g - ring of protection from cold
HPRegen 0.24/turn    i - ring of willpower
MPRegen 0.10/turn

%: faith
@: no status effects
A: cold resistance 1, negative energy resistance 3, torment resistance 2, heat
vulnerability 1, in touch with death 1, no potions, faith
a: no special abilities


You were on level 2 of the Dungeon.
You visited 1 branch of the dungeon, and saw 2 of its levels.

You collected 80 gold pieces.

Inventory:

Hand Weapons
 c - a +0 vampiric short sword (weapon)
Missiles
 d - 28 stones
Armour
 a - a +0 robe (worn)
Jewellery
 g - a ring of protection from cold (left hand)
 i - a ring of willpower (right hand)
Scrolls
 e - a scroll of blinking
 f - a scroll of immolation
 h - 2 scrolls of teleportation


   Skills:
 + Level 2.1 Dodging
 + Level 2.1 Stealth
 + Level 3.3 Spellcasting
 + Level 4.3 Necromancy


You had 4 spell levels left.
You knew the following spells:

 Your Spells              Type           Power      Damage    Failure   Level
a - Necrotise             Necr           96%        1d8       3%          1
b - Vampiric Draining     Necr           24%        2d7       9%          3

Your spell library contained the following spells:

 Spells                   Type           Power      Damage    Failure   Level
 Animate Dead             Necr           24%        N/A       30%         4
 Agony                    Necr           24%        N/A       63%         5


Dungeon Overview and Level Annotations

Branches:
Dungeon (2/15)

Altars:


Innate Abilities, Weirdness & Mutations

You are immune to poison.
Your flesh is cold resistant. (rC+)
You are immune to negative energy. (rN+++)
You are immune to unholy pain and torment.
You are vulnerable to heat. (rF-)
You are in touch with the powers of death.
You do not drink.
You have a special connection with the divine. (Faith)


Message History

Found a robe.
Found a spear.
The kobold closely misses you.
Aiming: Necrotise (safe; 3% risk of failure)
Press: ? - help, Q - select action, (/) - cycle Shift-Dir - straight line, f - kobold
Aim: a kobold, wielding a +0 dagger and quivering stones (chance to affect: 92%)
You feel a surge of power!
The kobold writhes in agony.
The kobold hits you but does no damage.
Aiming: Necrotise (safe; 3% risk of failure)
Press: ? - help, Q - select action, (/) - cycle Shift-Dir - straight line, f/p - kobold
Aim: a kobold, wielding a +0 dagger and quivering stones (severely wounded, chance to affect: 92%)
You feel a surge of power!
The kobold writhes in agony.
You kill the kobold!
The dead are walking!
A dart slug comes into view.
The dart slug launches a dart at you. The slug dart hits you.
Aiming: Necrotise (safe; 3% risk of failure)
Press: ? - help, Q - select action, (/) - cycle Shift-Dir - straight line
Okay, then.
You open the door. The dart slug launches a dart at you.
The slug dart misses you.
There is an open door here.
The dart slug launches a dart at you. The slug dart hits you.
You swap places.
Your kobold skeleton hits the dart slug but does no damage.
The dart slug barely misses your kobold skeleton.
Aiming: Necrotise (safe; 3% risk of failure)
Press: ? - help, Q - select action, (/) - cycle Shift-Dir - straight line, f - dart slug
Aim: a dart slug (ally target, chance to affect: 92%)
You feel a surge of power!
The dart slug writhes in agony!
Your kobold skeleton hits the dart slug but does no damage.
The dart slug bites your kobold skeleton.
Aiming: Necrotise (safe; 3% risk of failure)
Press: ? - help, Q - select action, (/) - cycle Shift-Dir - straight line, f/p - dart slug
Aim: a dart slug (almost dead, ally target, chance to affect: 92%)
You feel a surge of power!
The dart slug writhes in agony.
You kill the dart slug!
Are you sure you want to abandon this character and quit the game? (Confirm with "yes".)

......# .#.#.##
##...### ... ......#
##....... ≈...#
.#.#.## #.......##
≈...##.
.#...####.........#
§......
........+.........+
≈.≈....
.....####....).†..
≈..... .#...#
#......Z###.≈≈≈≈≈
...#.# #.....@..'##
.###.#
##...####..#########
.....# ##+#
##).....[... .#####
#.# #.######### .# #.#
#.# .# ##.## #.#
.###########...## #.#
.##.............# #.#
.##.#######....#####.#


You could see a friendly kobold skeleton.

Vanquished Creatures
  An adder (D:2)
  A dart slug (D:2)
  5 endoplasms
  2 giant cockroaches
  2 goblins (D:1)
  2 hobgoblins
  4 jackals (D:1)
  A quokka (D:1)
  2 ball pythons (D:1)
  6 bats
  2 frilled lizards (D:1)
  3 kobolds
  A rat (D:1)
32 creatures vanquished.

Vanquished Creatures (collateral kills)
  A worm (D:2)
1 creature vanquished.

Grand Total: 33 creatures vanquished

Notes
Turn   | Place    | Note
-------+----------+-------------------------------------------
     0 | D:1      | CarvArkoylaein the Mummy Necromancer began the quest for
                  | the Orb.
     0 | D:1      | Reached XP level 1. HP: 13/13 MP: 4/4
   128 | D:1      | Reached XP level 2. HP: 19/19 MP: 1/5
   775 | D:2      | Gained mutation: You are in touch with the powers of death.
                  | [Mummy growth]
   775 | D:2      | Reached XP level 3. HP: 24/24 MP: 3/7
   779 | D:2      | Learned a level 3 spell: Vampiric Draining
  1248 | D:2      | Quit the game

Illustrated notes

Levels and vault maps discovered:
D:1:      heliophobic_arrival_battle_scene, layout_basic, hangedman_decor_points
D:2:      layout_loops_corners, ebering_ecumenical_altar_rust, st_stairs_12,
          kennysheep_pointless_box

Skill      XL: |  1  2 |
---------------+-------+-----
Spellcasting   | 3 |  3.3
Stealth        | 2 |  2.1
Dodging        | 2 |  2.1
Necromancy     | |  4.3

Action                     || total
---------------------------++-------
  Melee: Short sword       ||    20
  Throw: Stone             ||     1
   Cast: Necrotise         ||    50
         Vampiric Draining ||     1
    Use: Scroll            ||     5
 Armour: Robe              ||     7
  Dodge: Dodged            ||    30
